 Dungeon Crawl Stone Soup version 0.30-a0-702-gdf48620a09 (webtiles) character file.

Game seed: 9489296452058950561

70 ASSMAN the Cudgeller (level 4, 0/33 HPs)
             Began as a Formicid Gladiator on Jan 22, 2023.
             Slain by a centaur (4 damage)
             ... on level 5 of the Dungeon.
             The game lasted 00:02:07 (2018 turns).

ASSMAN the Cudgeller (Formicid Gladiator)           Turns: 2018, Time: 00:02:07

Health: 0/33       AC:  9    Str: 21    XL:     4   Next: 45%
Magic:  4/4        EV:  8    Int:  7    God:
Gold:   98         SH:  0    Dex: 15    Spells: 3/3 levels left

rFire   . . .      SeeInvis +    a - +0 flail
rCold   . . .      Faith    .    (no shield)
rNeg    . . .      Spirit   .    n - +1 chain mail of Peek-a-Boo {rElec}
rPois   .          Reflect  .    (helmet unavailable)
rElec   +          Harm     .    (no cloak)
rCorr   +          Rampage  .    (no gloves)
Will    .....                    (no boots) Stlth
                                 (no amulet)
HPRegen 0.25/turn                m - ring of resist corrosion
MPRegen 0.09/turn                (no ring)

@: no status effects
A: permanent stasis, dig shafts and tunnels, antennae 3, four strong arms
a: Dig, Shaft Self


You were on level 5 of the Dungeon.
You visited 1 branch of the dungeon, and saw 5 of its levels.

You collected 98 gold pieces.

Inventory:

Hand Weapons
 a - a +0 flail (weapon)
Missiles
 c - 3 throwing nets (quivered)
 d - a javelin
Armour
 n - the +1 chain mail of Peek-a-Boo (worn) {rElec}
   (You found it on level 2 of the Dungeon)

   rElec:     It insulates you from electricity.
 o - the +4 robe of the Constellations {rF+}
   (You found it on level 3 of the Dungeon)

   rF:        It protects you from fire.
Magical Staves
 h - a staff of poison
Jewellery
 m - a ring of resist corrosion (left hand)
 r - a ring of protection from fire
Wands
 q - a wand of light (12)
 s - a wand of iceblast (9)
Scrolls
 e - a scroll of butterflies {unknown}
 f - a scroll of noise {unknown}
 k - 6 scrolls of identify {unknown}
 p - a scroll of fear {unknown}
Potions
 b - a potion of heal wounds {unknown}
 g - 3 potions of flight {unknown}
 i - a potion of experience {unknown}
 j - a potion of mutation {unknown}
 l - a potion of magic {unknown}


   Skills:
 - Level 2.1 Fighting
 + Level 4.9 Maces & Flails
 - Level 2.0 Throwing
 - Level 2.6 Dodging


You had 3 spell levels left.
You didn't know any spells.
Your spell library contained the following spells:

 Spells                   Type           Power      Damage    Failure   Level
 Dazzling Flash           Conj/Hex       0%         N/A       100%        3
 Kindle Blastsparks       Fire/Tloc/Air  0%         2d10      100%        3
 Fulminant Prism          Conj/Hex       0%         3d5       100%        4
 Iskenderun's Mystic Bla  Conj/Tloc      0%         2d3       100%        4
 Agony                    Necr           0%         N/A       100%        5
 Lee's Rapid Deconstruct  Erth           0%         3d4*      100%        5
 Silence                  Hex/Air        0%         N/A       100%        5


Dungeon Overview and Level Annotations

Branches:
Dungeon (6/15)
 Temple: D:4-7

Altars:


Innate Abilities, Weirdness & Mutations

You cannot be hasted, slowed, berserked, paralysed or teleported.
You can dig through walls and to a lower floor.
You have a pair of large antennae on your head. (SInv)
Your four strong arms can wield two-handed weapons with a shield.


Message History

Found a robe.
A sourceless malevolence fills the Dungeon... and a teleportation trap spontaneously manifests!
You feel a strange sense of stasis.
Found a ring mail.
You see here a +0 robe.
You sense a monster nearby.
No target in view!
s - a wand of iceblast (9)
A centaur comes into view.
The centaur shouts!
The centaur wields a +0 shortbow.
The centaur shoots an arrow.
The arrow hits you.
An orc wizard comes into view. It is wielding a +0 dagger.
Found an embroidered hat.
The orc wizard shouts!
You hear a shout! x3
The orc wizard gestures at you while chanting.
The magic dart hits you.
An orc warrior comes into view. It is wielding a +0 short sword.
The centaur shoots an arrow.
The arrow hits you.
The centaur shoots an arrow.
The arrow hits you but does no damage.
The centaur shoots an arrow.
The arrow hits you.
You see here a +0 ring mail.
An orc comes into view. It is wielding a +0 short sword.
The centaur unwields a +0 shortbow.
The centaur barely misses you.
The centaur kicks you but does no damage.
The centaur hits you but does no damage.
The centaur barely misses you.
The orc moves out of view.
You hit the centaur.
The centaur is lightly wounded.
The centaur hits you but does no damage.
The centaur kicks you but does no damage.
You barely miss the centaur.
The centaur is lightly wounded.
The centaur hits you. The centaur kicks you. The centaur hits you.
The centaur closely misses you. The orc wizard casts a spell at you.
The magic dart hits you!
* * * LOW HITPOINT WARNING * * *
The centaur hits you.
You die...

#.# #.# ..########.#
.......>...#
####.#####.# # #.# #.#
.. #.# #.# ...#.##.#
#.# .......@#####[#
.##[...c.[....###
.....#..##o.....#
..............#.#######
##.#o#o#.#.####........
#. #.#...#.# #########
. ........# ##.#...###
#.#o#.


You could see an orc warrior, a centaur, an orc wizard and an orc.

Vanquished Creatures
  3 adders
  A worm (D:3)
  An orc (D:3)
  9 ball pythons
  A bat (D:1)
  2 endoplasms
  A giant cockroach (D:3)
  4 goblins
  4 hobgoblins
  2 jackals (D:2)
  2 kobolds
  2 quokkas
  2 rats
34 creatures vanquished.

Notes
Turn   | Place    | Note
-------+----------+-------------------------------------------
     0 | D:1      | ASSMAN the Formicid Gladiator began the quest for the Orb.
     0 | D:1      | Reached XP level 1. HP: 16/16 MP: 1/1
     2 | D:1      | Noticed a merfolk
     4 | D:1      | Noticed a naga
     6 | D:1      | Noticed a human
     6 | D:1      | Noticed a ghoul
     8 | D:1      | Noticed a formicid
     8 | D:1      | Noticed a vampire
    10 | D:1      | Noticed an ogre
    10 | D:1      | Noticed an elf
    12 | D:1      | Noticed a troll
    14 | D:1      | Noticed a demonspawn
    16 | D:1      | Noticed a draconian
    16 | D:1      | Noticed a demigod
    19 | D:1      | Noticed an armataur
    19 | D:1      | Noticed a felid
    21 | D:1      | Noticed a spriggan
    21 | D:1      | Noticed a gargoyle
    23 | D:1      | Noticed a meteoran
    23 | D:1      | Noticed an octopode
    25 | D:1      | Noticed a tengu
    25 | D:1      | Noticed a vine stalker
    27 | D:1      | Noticed a spriggan
    27 | D:1      | Noticed a minotaur
    29 | D:1      | Noticed a vampire
    29 | D:1      | Noticed a demigod
   201 | D:1      | Reached XP level 2. HP: 9/22 MP: 2/2
  1225 | D:2      | Reached skill level 4 in Maces & Flails
  1225 | D:2      | Reached XP level 3. HP: 27/27 MP: 3/3
  1229 | D:2      | Identified the +1 chain mail of Peek-a-Boo {rElec}
  1678 | D:3      | Identified the +4 robe of the Constellations {rF+}
  1724 | D:3      | Reached XP level 4. HP: 29/33 MP: 4/4
  1921 | D:3      | You fall into a shaft and drop 3 floors!
  1992 | D:5      | Entered Level 5 of the Dungeon
  2010 | D:5      | Noticed a centaur
  2013 | D:5      | Noticed an orc warrior
  2018 | D:5      | Slain by a centaur

Illustrated notes

Levels and vault maps discovered:
D:1:      kb_arrival_jail, layout_basic
D:2:      layout_basic
D:3:      layout_rooms, serial_shops, nicolae_shop_hallway_plus
D:5:      layout_loops_ring, xom_redecorated, kennysheep_mini_moat
D:6:      layout_basic, minmay_temple_entry_poolview

Skill      XL: |  1  2 |
---------------+-------+-----
Maces & Flails | 4 |  4.9
Fighting       | |  2.1
Throwing       | |  2.0
Dodging        | |  2.6

Action                   |  1- 3 |  4- 6 || total
-------------------------+-------+-------++-------
Melee: Flail             |    98 |    29 ||   127
       Punch             |     1 |       ||     1
 Stab: Sleeping          |     1 |       ||     1
Armor: Leather armour    |    20 |       ||    20
       Chain mail        |    20 |    22 ||    42
Dodge: Dodged            |    59 |    13 ||    72

Table legend: (Time is in decaauts)
 A = Elapsed time spent in this place.
 B = Non-inter-level travel time spent in this place.
 C = Inter-level travel time spent in this place.
 D = Time resting spent in this place.
 E = Time spent auto-exploring this place.
 F = Levels seen in this place.
 G = Mean time per level.
                   A        B        C        D        E       F      G
               +--------+--------+--------+--------+--------+-----+--------+
         Total |   2042 |   1950 |     92 |    350 |   1268 |   5 |  408.4 |
       Dungeon |   2042 |   1950 |     92 |    350 |   1268 |   5 |  408.4 |
               +--------+--------+--------+--------+--------+-----+--------+

Top non-repeatable levels by time:
     D:1: 934 daAuts
     D:2: 746 daAuts
     D:3: 264 daAuts
     D:6: 70 daAuts
     D:5: 26 daAuts
